 Dungeon Crawl Stone Soup version 0.31.0-7-gf635a9b802 (webtiles) character file.

Game seed: 15935446306413432864

23949 petercordia the Fencer (level 13, 0/109 HPs)
             Began as a Merfolk Monk on Jan 23, 2024.
             Was a High Priest of Ru.
             Slain by a vault guard
             ... wielding a +0 dire flail
              (24 damage)
             ... on level 14 of the Dungeon.
             The game lasted 00:35:27 (14579 turns).

petercordia the Fencer (Merfolk Monk)              Turns: 14579, Time: 00:35:27

Health: 0/109      AC:  9    Str: 11    XL:     13   Next: 10%
Magic:  22/22      EV: 37    Int: 10    God:    Ru [*****.]
Gold:   909        SH:  0    Dex: 21    Spells: 12/12 levels left

rFire   . . .        a - +3 great sword (chaos)
rCold   x . .        (shield currently unavailable)
rNeg    . . .        x - +3 leather armour {rF+}
rPois   .            u - +0 helmet
rElec   .            Y - +0 cloak
rCorr   .            m - +0 pair of gloves
SInv    .            (no boots)
Will    .....        e - amulet of the acrobat
Stlth   +            o - ring of magical power
HPRegen 0.38/turn    (no ring)
MPRegen 0.18/turn

%: acrobat
@: on fire, acrobatic, glowing
A: hated by all, no air magic, no hexes magic, no necromancy magic, temperature
sensitive, (nimble swimmer 2), mertail
a: Renounce Religion, Draw Out Power, Power Leap, Apocalypse


You were on level 14 of the Dungeon.
You worshipped Ru.
Ru was extremely pleased with you.
You visited 2 branches of the dungeon, and saw 15 of its levels.
You also visited: Bailey.

You collected 1069 gold pieces.
You spent 160 gold pieces at shops.

Inventory:

Hand Weapons
 a - a +3 great sword of chaos (weapon)
 b - a +3 arbalest
 Q - a +5 falchion of freezing
 Z - the +5 great sword of Woacet {pain, *Noise rPois rCorr Stlth+}
   (You found it on level 10 of the Dungeon)

   rPois:     It protects you from poison *Noise: It may make a loud noise when
   swung.
   rCorr:     It protects you from acid and corrosion.
   Stlth+:    It makes you more stealthy.
Missiles
 g - 38 poisoned darts (quivered)
 l - 71 stones
 s - 20 boomerangs
 C - 5 javelins
 L - a curare-tipped dart
 R - 3 throwing nets
Armour
 m - a +0 pair of gloves (worn)
 u - a +0 helmet (worn)
 x - a +3 leather armour of fire resistance (worn)
 y - the +3 plate armour of the Cockroach {Will++ Int-5 Stlth+}
   (You found it in a bailey)

   Int-5:     It affects your intelligence (-5).
   Will++:    It greatly increases your willpower.
   Stlth+:    It makes you more stealthy.
 S - +0 acid dragon scales
 Y - a +0 cloak (worn)
Jewellery
 e - an amulet of the acrobat (around neck)
 n - a ring of ice
 o - a ring of magical power (left hand)
Talismans
 q - a dragon-blood talisman
Wands
 v - a wand of flame (28)
 w - a wand of polymorph (3)
 O - a wand of iceblast (16)
 T - a wand of mindburst (9)
 X - a wand of quicksilver (5)
Scrolls
 f - 2 scrolls of vulnerability
 j - 4 scrolls of poison
 k - a scroll of enchant armour
 r - a scroll of fog {unknown}
 t - 2 scrolls of teleportation
 A - 4 scrolls of noise {unknown}
 B - a scroll of amnesia {unknown}
 D - a scroll of immolation {unknown}
 H - 2 scrolls of revelation
 I - 2 scrolls of torment {unknown}
 J - a scroll of blinking
 K - a scroll of fear
Potions
 c - a potion of ambrosia
 h - a potion of berserk rage
 i - 2 potions of might
 p - 4 potions of curing
 z - a potion of brilliance {unknown}
 E - 2 potions of enlightenment
 F - a potion of heal wounds
 G - a potion of mutation {unknown}
 M - a potion of resistance {unknown}
 N - 2 potions of attraction {unknown}
 P - a potion of magic {unknown}
 V - a potion of invisibility {unknown}
 W - 2 potions of haste {unknown}
Miscellaneous
 U - a phial of floods


   Skills:
 - Level 12.5 Fighting
 + Level 18.0 Long Blades
 - Level 14.7 Dodging


You had 12 spell levels left.
You didn't know any spells.
Your spell library contained the following spells:

 Spells                   Type           Power      Damage    Failure   Level
 Foxfire                  Conj/Fire      0%         2x1d4     45%         1
 Sandblast                Erth           0%         2d4       45%         1
 Blink                    Tloc           0%         N/A       58%         2
 Lesser Beckoning         Tloc           0%         N/A       58%         2
 Momentum Strike          Conj/Tloc      0%         3d8       58%         2
 Hailstorm                Conj/Ice       0%         3d5       83%         3
 Passwall                 Erth           0%         N/A       83%         3
 Stone Arrow              Conj/Erth      0%         3d7       83%         3
 Volatile Blastmotes      Fire/Tloc      0%         2d10      83%         3
 Brom's Barrelling Bould  Conj/Erth      0%         2d3       99%         4
 Fulminant Prism          Conj/Alch      0%         3d5       99%         4
 Iskenderun's Mystic Bla  Conj/Tloc      0%         2d3       99%         4
 Irradiate                Conj/Alch      0%         3d11      100%        5
 Starburst                Conj/Fire      0%         6d3       100%        6
 Ozocubu's Refrigeration  Ice            0%         4d7       100%        7
 Ignition                 Fire           0%         3d3       100%        8
 Polar Vortex             Ice            0%         N/A       100%        9
 Ensorcelled Hibernation  Hex/Ice        Unusable   N/A       N/A         2
 Dazzling Flash           Conj/Hex       Unusable   N/A       N/A         3
 Inner Flame              Hex/Fire       Unusable   N/A       N/A         3
 Mephitic Cloud           Conj/Alch/Air  Unusable   N/A       N/A         3
 Summon Ice Beast         Ice/Summ       Unusable   N/A       N/A         3
 Swiftness                Air            Unusable   N/A       N/A         3
 Curse of Agony           Necr           Unusable   N/A       N/A         5
 Silence                  Hex/Air        Unusable   N/A       N/A         5
 Plasma Beam              Fire/Air       Unusable   2x1d10    N/A         6
 Sculpt Simulacrum        Ice/Alch       Unusable   N/A       N/A         6

Dungeon Overview and Level Annotations

Branches:
Dungeon (14/15)            Temple (1/1) D:7            Lair (0/5) D:11
    Orc (0/2) D:12         Bailey (visited)
 Vaults: D:13-14

Altars:
Ashenzari
Cheibriados
Dithmenos
Elyvilon
Gozag
Kikubaaqudgha
Makhleb
Nemelex Xobeh
Okawaru
Qazlal
Ru
Sif Muna
Trog
Uskayaw
Vehumet
Wu Jian
Xom
Zin
The Shining One

Shops:
D:2 =   D:11 (   D:12 !


Innate Abilities, Weirdness & Mutations

You are hated by all.
You cannot study or cast Air magic.
You cannot study or cast Hexes magic.
You cannot study or cast Necromancy magic.
You are sensitive to extremes of temperature. (rF-, rC-)
((You are very nimble when in or above water. (Stealth+, EV+, Speed+++)))
Your lower body shifts to a powerful aquatic tail in water.


Message History

You slice the manticore!!
Lightning courses through the manticore!
The manticore is almost dead.
The deep elf pyromancer mumbles some strange words.
The manticore closely misses you. The manticore claws you.
You focus your inner power and blind the manticore in retribution!
The manticore claws you.
You slice the manticore!!
You kill the manticore!
The deep elf pyromancer begins to cast a spell, but is stunned by your conviction!
Your Long Blades skill increases to level 18!
Unknown command.
The deep elf pyromancer points at you and mumbles some strange words.
The pyre arrow hits you.
You are covered in intense liquid fire!
Things that are here:
a +0 troll leather armour; a manticore corpse; a troll corpse You slash the deep elf pyromancer!
You burn the deep elf pyromancer.
You kill the deep elf pyromancer!
The fire elemental disappears in a puff of smoke!
The liquid fire burns you!
You closely miss the vault guard. The liquid fire burns you!
You closely miss the vault guard. The liquid fire burns you!
The vault guard misses you.
You barely miss the vault guard. The liquid fire burns you!
The vault guard closely misses you.
You slice the vault guard!!
The vault guard is moderately wounded.
The liquid fire burns you!
The vault guard hits you with a +0 dire flail!
You focus your inner power and illuminate the vault guard in retribution!
You shake off some of the fire as you move.
The liquid fire burns you!
* * * LOW HITPOINT WARNING * * *
The vault guard attacks as it pursues you!
The vault guard hits you with a +0 dire flail!!
You die...

.........'.......
#......#.......
##########......#.......
................########
................#
................#
................#
......)p........#
####...@######+## #....#
#..... #.....# #.....#
+....^# #######


You could see a vault guard (corona).

Vanquished Creatures
  A centaur warrior (D:13)
  3 two-headed ogres
  3 boulder beetles
  Urug (D:12)
  Lodul (D:10)
  Nergalle (D:10)
  2 orc knights (Bailey)
  A deep elf pyromancer (D:14)
  An ugly thing (D:11)
  A manticore (D:14)
  A cyclops (D:11)
  3 meliai (D:13)
  A gargoyle (D:13)
  An unseen horror (D:10)
  2 komodo dragons (D:11)
  Psyche (D:8)
  3 trolls
  Grinder (D:6)
  Sigmund (D:2)
  5 slime creatures (D:12)
  3 wraiths
  20 yaks (D:9)
  Eustachio (D:4)
  A basilisk (D:13)
  3 wyverns
  5 humans (D:6)
  Menkaure (D:4)
  2 steam dragons
  5 vampire mosquitoes (D:11)
  3 acid dragons
  11 orc warriors
  3 sky beasts
  5 ice beasts
  3 black bears
  5 centaurs
  5 ogres
  3 phantoms
  3 kobold brigands
  Blork the orc (D:6)
  2 gnoll sergeants (D:9)
  8 bullfrogs
  3 scorpions
  7 wights
  7 howler monkeys
  A bombardier beetle (D:5)
  8 hounds
  2 orc priests
  3 jellies
  A gnoll bouda (D:8)
  Ijyb (D:4)
  4 iguanas
  6 orc wizards
  13 gnolls
  6 adders
  2 white imps
  2 ufetubi (D:5)
  2 dart slugs (D:3)
  34 orcs
  6 ball pythons
  9 endoplasms
  7 giant cockroaches
  16 goblins
  10 hobgoblins
  7 jackals
  5 quokkas
  7 bats
  3 frilled lizards
  15 kobolds
  6 rats
320 creatures vanquished.

Vanquished Creatures (others)
  A manticore (D:13)
  An unseen horror (D:11)
  An ogre (D:7)
  A scorpion (D:5)
  A goblin (D:7)
5 creatures vanquished.

Grand Total: 325 creatures vanquished

Notes
Turn   | Place    | Note
-------+----------+-------------------------------------------
     0 | D:1      | petercordia the Merfolk Monk began the quest for the Orb.
     0 | D:1      | Reached XP level 1. HP: 18/18 MP: 1/1
   120 | D:1      | Reached XP level 2. HP: 18/24 MP: 2/2
   123 | D:1      | Reached skill level 4 in Long Blades
   432 | D:1      | Reached XP level 3. HP: 21/29 MP: 3/3
  1271 | D:2      | Noticed Sigmund
  1284 | D:2      | Killed Sigmund
  1285 | D:2      | Reached skill level 6 in Long Blades
  1285 | D:2      | Reached skill level 5 in Dodging
  1285 | D:2      | Reached XP level 4. HP: 8/38 MP: 4/4
  1285 | D:2      | Reached XP level 5. HP: 9/43 MP: 5/5
  1428 | D:2      | Reached XP level 6. HP: 44/49 MP: 6/6
  1521 | D:2      | Found Quvayxusi's Jewellery Boutique.
  2008 | D:3      | Found the +5 Force Lance {heavy, knockback}
  2204 | D:3      | Found the +7 staff of the Meek {protect, meekguard}
  3068 | D:4      | Found a shimmering blue altar of Sif Muna.
  3076 | D:4      | Reached skill level 5 in Fighting
  3076 | D:4      | Reached skill level 7 in Long Blades
  3076 | D:4      | Reached XP level 7. HP: 34/56 MP: 7/7
  3529 | D:4      | Noticed Ijyb
  3542 | D:4      | Killed Ijyb
  3561 | D:4      | Noticed Menkaure
  3571 | D:4      | Killed Menkaure
  3835 | D:4      | Reached skill level 8 in Long Blades
  3905 | D:4      | Noticed Eustachio
  3916 | D:4      | Killed Eustachio
  3917 | D:4      | Reached XP level 8. HP: 41/64 MP: 8/8
  4080 | D:5      | Entered Level 5 of the Dungeon
  4134 | D:5      | You fall into a shaft and drop 2 floors!
  4237 | D:7      | Reached skill level 9 in Long Blades
  4280 | D:7      | Found a staircase to the Ecumenical Temple.
  4283 | D:7      | Noticed a wyvern
  4293 | D:7      | Killed a wyvern
  4299 | Temple   | Entered the Ecumenical Temple
  4316 | Temple   | Became a worshipper of Ru the Awakened
  4321 | Temple   | Gained mutation: You are hated by all. [Ru sacrifice]
  4321 | Temple   | Reached * piety under Ru
  4321 | Temple   | Reached ** piety under Ru
  4408 | D:7      | Found a flagged portal.
  4413 | Bailey   | Entered a bailey
  4520 | Bailey   | Reached skill level 10 in Long Blades
  4530 | Bailey   | Reached XP level 9. HP: 25/71 MP: 9/9
  5411 | Bailey   | Identified the +3 plate armour of the Cockroach {Will++
                  | Int-5 Stlth+}
  5413 | Bailey   | Noticed an orc knight
  5413 | Bailey   | Noticed an orc knight
  5437 | Bailey   | Killed an orc knight
  5438 | Bailey   | Reached skill level 11 in Long Blades
  5629 | Bailey   | Killed an orc knight
  5630 | Bailey   | Reached skill level 12 in Long Blades
  5658 | Bailey   | Reached XP level 10. HP: 80/80 MP: 10/10
  5692 | D:7      | Reached skill level 10 in Dodging
  5884 | D:7      | Noticed a two-headed ogre
  5896 | D:7      | Killed a two-headed ogre
  6317 | D:7      | Reached skill level 13 in Long Blades
  6751 | D:6      | Noticed Blork the orc
  6778 | D:6      | Killed Blork the orc
  7106 | D:6      | Found a snail-covered altar of Cheibriados.
  7114 | D:6      | Found a bloodstained altar of Trog.
  7477 | D:5      | Identified the +1 robe "Besaec" {rF+++}
  7507 | D:5      | Gained mutation: You are sensitive to extremes of
                  | temperature. (rF-, rC-) [Ru sacrifice]
  7507 | D:5      | Reached *** piety under Ru
  7507 | D:5      | Reached **** piety under Ru
  7983 | D:6      | Reached skill level 14 in Long Blades
  7998 | D:6      | Reached XP level 11. HP: 26/90 MP: 11/11
  8207 | D:6      | Found a stormy altar of Qazlal.
  8207 | D:6      | Found a broken altar of Ashenzari.
  8330 | D:6      | Noticed Grinder
  8334 | D:6      | Paralysed by Grinder for 3 turns
  8342 | D:6      | Paralysed by Grinder for 4 turns
  8351 | D:6      | Killed Grinder
  8352 | D:6      | Reached skill level 10 in Fighting
  8719 | D:8      | Noticed Psyche
  8725 | D:8      | Killed Psyche
  8860 | D:8      | Noticed a two-headed ogre
  8882 | D:8      | Killed a two-headed ogre
  9056 | D:8      | Found an iron altar of Okawaru.
  9845 | D:9      | Gained mutation: You cannot study or cast Air magic. [Ru
                  | sacrifice]
  9845 | D:9      | Gained mutation: You cannot study or cast Hexes magic. [Ru
                  | sacrifice]
  9845 | D:9      | Gained mutation: You cannot study or cast Necromancy magic.
                  | [Ru sacrifice]
  9845 | D:9      | Reached ***** piety under Ru
 10400 | D:10     | Entered Level 10 of the Dungeon
 10447 | D:10     | Noticed Nergalle
 10456 | D:10     | Killed Nergalle
 10469 | D:10     | Reached XP level 12. HP: 65/102 MP: 12/12
 10695 | D:10     | Noticed Lodul
 10703 | D:10     | Killed Lodul
 10906 | D:10     | Identified the +5 great sword of Woacet {pain, *Noise rPois
                  | rCorr Stlth+}
 11307 | D:11     | Noticed a two-headed ogre
 11565 | D:11     | Killed a two-headed ogre
 11642 | D:11     | Found a staircase to the Lair.
 11650 | D:11     | Reached skill level 15 in Long Blades
 11694 | D:11     | Noticed a boulder beetle
 11743 | D:11     | Killed a boulder beetle
 11862 | D:11     | Found Niceceom's Antique Weapon Shoppe.
 11958 | D:11     | Noticed a boulder beetle
 11976 | D:11     | Killed a boulder beetle
 12649 | D:12     | Noticed Urug
 12664 | D:12     | Killed Urug
 12665 | D:12     | Reached skill level 16 in Long Blades
 13053 | D:12     | Identified the +9 spear "Ynary" {flame, Fly}
 13132 | D:12     | Noticed a boulder beetle
 13160 | D:12     | Killed a boulder beetle
 13372 | D:12     | Found Eppulag's Distillery.
 13380 | D:12     | Bought a potion of heal wounds for 80 gold pieces
 13380 | D:12     | Bought a potion of enlightenment for 80 gold pieces
 13481 | D:12     | Found a staircase to the Orcish Mines.
 13897 | D:13     | Noticed a centaur warrior
 13909 | D:13     | Killed a centaur warrior
 13910 | D:13     | Reached skill level 17 in Long Blades
 14307 | D:13     | Found a radiant altar of Vehumet.
 14317 | D:13     | Reached XP level 13. HP: 91/109 MP: 13/13
 14568 | D:14     | Noticed a vault guard
 14573 | D:14     | Reached skill level 18 in Long Blades
 14579 | D:14     | Slain by a vault guard

Illustrated notes

Levels and vault maps discovered:
D:1:      nagdon_arrival_zigzag_paths, layout_loops_cross, chequers_avenue
D:2:      minmay_door_path, layout_loops_ring, serial_shops, shop, uniq_sigmund
D:3:      kennysheep_the_goblin_king, layout_loops_cross, nrook_loot_triangle,
          pf_guarded_unrand_meek
D:4:      layout_loops_cross, nicolae_overflow_crystal_walls,
          cheibrodos_gnoll_hut, uniq_menkaure, uniq_eustachio, uniq_ijyb
D:5:      layout_gridville
D:6:      layout_rooms, grunt_temple_overflow_open, minitemple, minmay_ruffians,
          uniq_grinder, uniq_blork_the_orc
D:7:      minmay_cornered_nines, layout_loops_ring, minmay_temple_entry_slanted,
          enter_bailey_3
D:8:      layout_basic, amcnicky_altar_gilded, uniq_psyche
D:9:      layout_basic
D:10:     layout_roguey, uniq_nergalle, uniq_lodul
D:11:     layout_basic, grunt_lair_entry_orc_guard_hut, serial_shops,
          nicolae_shop_temple_entry_statues_fountains
D:12:     layout_long_grid, serial_shops, nicolae_shop_peninsula, uniq_urug
D:13:     layout_gridville, vehumet_crystals
D:14:     layout_stronghold, erik_vaults_2, chequers_serial_rivers_room_a,
          kennysheep_pointless_box, evilmike_butchery, uniq_roxanne
Temple:   nicolae_temple_elliptical

Skill      XL: |  1  2  3  4  5  6  7  8  9 10 11 12 13 |
---------------+----------------------------------------+-----
Long Blades    | 4 6 7 8 10 12 14 17 18 | 18.0
Fighting       | 4 5 6 8 9 12 | 12.5
Dodging        | 5 6 7 8 9 11 14 | 14.7

Action                     |  1- 3 |  4- 6 |  7- 9 | 10-12 | 13-15 || total
---------------------------+-------+-------+-------+-------+-------++-------
  Melee: Falchion          |   119 |   126 |   252 |   640 |     1 ||  1138
         Unarmed           |       |       |     9 |       |       ||     9
         Tailslap          |       |       |     4 |       |       ||     4
         Long sword        |       |       |       |   176 |       ||   176
         Punch             |       |       |       |     1 |       ||     1
         Great sword       |       |       |       |       |    10 ||    10
   Fire: Arbalest          |       |       |    57 |       |       ||    57
  Throw: Dart              |       |       |     3 |       |       ||     3
 Invoke: Sacrifice Love    |       |       |     1 |       |       ||     1
         Sacrifice Resista |       |       |       |     1 |       ||     1
         Power Leap        |       |       |       |     7 |       ||     7
         Sacrifice Arcana  |       |       |       |     1 |       ||     1
         Draw Out Power    |       |       |       |     1 |       ||     1
         Apocalypse        |       |       |       |     1 |       ||     1
         Reject Sacrifices |       |       |       |     1 |       ||     1
    Use: Potion            |     2 |       |       |       |       ||     2
         Scroll            |       |       |     8 |     7 |       ||    15
   Stab: Confused          |       |       |     1 |       |       ||     1
         Invisible         |       |       |     1 |     6 |       ||     7
         Distracted        |       |       |     1 |     2 |       ||     3
         Paralysed         |       |       |       |     2 |       ||     2
 Armour: Robe              |    40 |    56 |    24 |       |       ||   120
         Skin              |       |       |     1 |       |       ||     1
         Leather armour    |       |       |    85 |   239 |     7 ||   331
  Dodge: Dodged            |    82 |    99 |   235 |   541 |     4 ||   961
